 Dungeon Crawl Stone Soup version 0.29.0-4-gdea44cf6ec (webtiles) character file.

Game seed: 11324136698799650674

63 qw the Sneak (level 4, 0/28 HPs)
             Began as a Gargoyle Delver on Sept 10, 2022.
             Slain by an orc
             ... wielding a +0 whip
              (4 damage)
             ... on level 5 of the Dungeon.
             The game lasted 00:00:05 (160 turns).

qw the Sneak (Gargoyle Delver)                       Turns: 160, Time: 00:00:06

Health: 0/28       AC:  6    Str: 18    XL:     4   Next: 10%
Magic:  4/4        EV: 11    Int: 10    God:
Gold:   0          SH:  0    Dex: 11    Spells: 3/3 levels left

rFire   . . .      SeeInvis .   a - +0 hand axe
rCold   . . .      Faith    .   (no shield)
rNeg    + . .      Spirit   .   b - +0 leather armour
rPois   inf        Reflect  .   (no helmet)
rElec   +          Harm     .   (no cloak)
rCorr   .          Rampage  .   (no gloves)
Will    .....                   (no boots)
Stlth   +++.......              (no amulet)
HPRegen 0.09/turn               (no ring)
MPRegen 0.09/turn               (no ring)

@: no status effects
A: sickness immunity, AC +3, negative energy resistance 1, electricity
resistance, torment resistance 1, petrification resistance
a: no special abilities


You were on level 5 of the Dungeon.
You visited 1 branch of the dungeon, and saw 1 of its levels.


Innate Abilities, Weirdness & Mutations

You are immune to sickness and miasma.
Your stone body is resilient. (AC +3)
You are immune to poison.
You resist negative energy. (rN+)
You are resistant to electric shocks. (rElec)
You are resistant to unholy torment.
You are immune to petrification.


   Skills:
 - Level 3.2 Fighting
 + Level 3.9 Axes
 - Level 1.5 Dodging
 - Level 5.4 Stealth


You had 3 spell levels left.
You didn't know any spells.
Your spell library was empty.

Inventory:

Hand Weapons
 a - a +0 hand axe (weapon)
Armour
 b - a +0 leather armour (worn)
Wands
 g - a wand of digging (3)
Scrolls
 c - a scroll of fog
 d - a scroll of magic mapping
 e - a scroll of fear
Potions
 f - a potion of haste

Dungeon Overview and Level Annotations

Branches:
Dungeon (5/15)
 Temple: D:4-7

Altars:


Message History

152 ||| Stepping ~*~*~tactically~*~*~ (hiding).
The orc attacks as you move away! The orc hits you but does no damage.
You hit the orc.
The orc is almost dead.
You hit the orc but do no damage. The orc misses you.
The orc hits you with a +0 flail.
You slash the orc!
You kill the orc!
You closely miss the orc. The orc hits you with a +0 flail!
You hit the orc.
The orc is moderately wounded.
You hit the orc. The orc hits you with a +0 flail!
The orc hits you with a +0 whip.
You hit the orc but do no damage.
The orc is moderately wounded.
You closely miss the orc. The orc barely misses you.
The orc hits you but does no damage.
The orc wizard points at you and mumbles some strange words.
The puff of flame misses you.
You hit the orc but do no damage.
The orc is moderately wounded.
You hit the orc.
An ufetubus comes into view.
The orc hits you but does no damage. The orc closely misses you.
The ufetubus moves out of view.
You hit the orc.
You kill the orc!
You hit the orc but do no damage. The orc closely misses you.
You closely miss the orc.
The orc is moderately wounded.
You barely miss the orc wizard. The orc hits you with a +0 whip.
The orc wizard hits you with a +0 dagger.
You hit the orc but do no damage.
The orc is moderately wounded.
You completely miss the orc wizard. The orc hits you with a +0 whip.
You die...

#.####..# .# #
#####.......##.#[#
#................#
#..............#.##
#........#......o.#
#......%.#..#=...o.o
#.......##..##.#..#.
#.......##oo......#
#.......>.@)#####.
###########.# # #...
#.### #.. .# .# .#


You could see an orc wizard and an orc.

Vanquished Creatures
  A necrophage (D:5)
  2 orcs (D:5)
3 creatures vanquished.

Notes
Turn   | Place    | Note
-------+----------+-------------------------------------------
     0 | D:5      | qw the Gargoyle Delver began the quest for the Orb.
     0 | D:5      | Reached XP level 1. HP: 14/14 MP: 1/1
     0 | D:5      | 0 ||| qw: Version: 0.1-a-116-g5d60599
     0 | D:5      | 0 ||| qw: Game counter: 9063
     0 | D:5      | 0 ||| qw: Always use a shield: true
     0 | D:5      | 0 ||| qw: God list: Okawaru
     0 | D:5      | 0 ||| qw: Allow faded altars: false
     0 | D:5      | 0 ||| qw: Do Orc after D:15 true
     0 | D:5      | 0 ||| qw: Do second Lair branch before Depths: true
     0 | D:5      | 0 ||| qw: Lair rune preference: random
     0 | D:5      | 0 ||| qw: Plans: Normal
     0 | D:5      | 0 ||| PLANNING D:1-11
     2 | D:5      | Noticed a necrophage
    26 | D:5      | Killed a necrophage
    27 | D:5      | Reached skill level 3 in Axes
    27 | D:5      | Reached XP level 2. HP: 12/19 MP: 2/2
    27 | D:5      | Reached XP level 3. HP: 15/23 MP: 3/3
    27 | D:5      | Reached XP level 4. HP: 18/28 MP: 4/4
   144 | D:5      | 144 ||| Stepping ~*~*~tactically~*~*~ (stealth).
   146 | D:5      | 146 ||| Stepping ~*~*~tactically~*~*~ (stealth).
   148 | D:5      | 148 ||| Stepping ~*~*~tactically~*~*~ (stealth).
   150 | D:5      | 150 ||| Stepping ~*~*~tactically~*~*~ (stealth).
   152 | D:5      | 152 ||| Stepping ~*~*~tactically~*~*~ (hiding).
   155 | D:5      | HP: 7/28 [orc/+0 whip (1)]
   160 | D:5      | Slain by an orc

Levels and vault maps discovered:
D:5:      layout_loops_cross, nicolae_ru_sacrificial_ziggurat,
          nicolae_overflow_hidden_temple, uniq_blork_the_orc,
          uniq_prince_ribbit1

Skill      XL: |  1 |
---------------+----+-----
Axes           | 3 |  3.9
Fighting       | |  3.2
Dodging        | |  1.5
Stealth        | |  5.4

Action                   |  1- 3 |  4- 6 || total
-------------------------+-------+-------++-------
Melee: Hand axe          |    18 |    10 ||    28
Armor: Leather armour    |     4 |     4 ||     8
Dodge: Dodged            |    14 |     7 ||    21

Table legend:
 A = Non-vault XP
 B = Vault XP
 C = Vault XP percentage of total XP
 D = Non-vault monster count
 E = Vault monster count
 F = Vault count percentage of total count
                 A         B        C        D         E       F
            +---------+---------+-------+---------+---------+-------
      Total |      91 |       0 |   0.0 |       3 |       0 |   0.0
            +---------+---------+-------+---------+---------+-------
        D:5 |      91 |       0 |   0.0 |       3 |       0 |   0.0
            +---------+---------+-------+---------+---------+-------
